[ AOE2 MATCH · #483478049 ]
UnrankedBulgarians vs Persians
[ REPLAY ANALYSIS · EXTRACTED FROM THE RECORDED GAME ]
Feudal
—
Castle
—
Imperial
—
| APM avg | 37.0 |
| APM peak | 123 |
| eAPM avg | 31.9 |
| Villagers / military | 91 / 38 |
Focus
⚔️ 6.5% · 🌾 93.5%
Spearman ×21 · Konnik ×8 · Fishing Ship ×6 · Knight ×5 · Militia ×4
Feudal
—
Castle
—
Imperial
—
| APM avg | 15.3 |
| APM peak | 63 |
| eAPM avg | 10.6 |
| Villagers / military | 60 / 69 |
Focus
⚔️ 21.1% · 🌾 78.9%
Fishing Ship ×46 · Archer ×34 · War Elephant ×26 · Trade Cog ×6 · Demolition Raft ×6 · Monk ×3
Feudal
—
Castle
—
Imperial
—
| APM avg | 19.1 |
| APM peak | 62 |
| eAPM avg | 10.9 |
| Villagers / military | 133 / 106 |
Focus
⚔️ 29.4% · 🌾 70.6%
Skirmisher ×26 · Fishing Ship ×26 · Cataphract ×24 · Spearman ×20 · Camel Scout ×15 · Trebuchet (Packed) ×6
Feudal
—
Castle
—
Imperial
—
| APM avg | 27.9 |
| APM peak | 126 |
| eAPM avg | 25.2 |
| Villagers / military | 96 / 62 |
Focus
⚔️ 5.6% · 🌾 94.4%
Militia ×28 · Skirmisher ×11 · Huskarl ×10 · Spearman ×9 · Monk ×2 · Archer ×2
Match map
Initial resources + every placement click. Lines = walls · curves = elevation contours. ◆ gold · ⬟ stone · ● berries · ✦ relic · ◌ wall gap
Your base· Open — 7t gap
kingArthur III's base· Open — 10t gap
OhYeahGoodBoy's base· Open — 10t gap
NasAndCats's base· Open — 4t gap
Smoothed initial terrain · ◌ = detected wall gap · hover for details
Inputs per minute
— airborne64 - - kingArthur III
Build order — airborne64
First 150 of 402 actions detected
| 2:12 | Build | Town Center |
| 3:53 | Create | Villager (Male) |
| 3:54 | Create | Villager (Male) |
| 3:54 | Create | Villager (Male) |
| 3:54 | Create | Villager (Male) |
| 4:03 | Build | House |
| 4:52 | Build | Dock |
| 5:38 | Create | Villager (Male) |
| 6:05 | Build | House |
| 6:16 | Create | Villager (Male) |
| 6:55 | Create | Villager (Male) |
| 7:15 | Create | Villager (Male) |
| 7:29 | Create | Fishing Ship |
| 7:43 | Create | Villager (Male) |
| 8:03 | Create | Villager (Male) |
| 8:28 | Create | Villager (Male) |
| 8:30 | Create | Villager (Male) |
| 9:18 | Build | House |
| 9:26 | Research | Loom |
| 9:44 | Build | Mill |
| 9:53 | Create | Villager (Male) |
| 9:54 | Create | Villager (Male) |
| 10:26 | Create | Villager (Male) |
| 10:27 | Create | Villager (Male) |
| 10:30 | Create | Fishing Ship |
| 10:57 | Create | Villager (Male) |
| 11:06 | Build | House |
| 11:13 | Create | Villager (Male) |
| 11:36 | Create | Fishing Ship |
| 11:45 | Build | House |
| 12:40 | Create | Fishing Ship |
| 12:47 | Research | Feudal Age |
| 13:31 | Create | Fishing Ship |
| 14:46 | Build | Barracks |
| 15:03 | Create | Villager (Male) |
| 15:04 | Create | Villager (Male) |
| 15:37 | Build | House |
| 15:44 | Create | Spearman |
| 15:47 | Create | Spearman |
| 15:52 | Create | Villager (Male) |
| 16:33 | Create | Villager (Male) |
| 16:40 | Build | Blacksmith |
| 16:57 | Create | Villager (Male) |
| 17:01 | Create | Villager (Male) |
| 17:09 | Build | House |
| 17:39 | Build | Farm |
| 17:39 | Build | Farm |
| 17:39 | Build | Farm |
| 17:39 | Build | Farm |
| 17:39 | Build | Farm |
| 17:39 | Build | Farm |
| 17:39 | Build | Farm |
| 17:39 | Build | Farm |
| 17:54 | Create | Villager (Male) |
| 17:55 | Create | Villager (Male) |
| 17:59 | Research | Forging |
| 18:19 | Create | Fishing Ship |
| 18:23 | Create | Villager (Male) |
| 18:30 | Research | Scale Barding Armor |
| 18:53 | Build | Palisade Wall |
| 19:07 | Build | Stable |
| 19:29 | Create | Villager (Male) |
| 19:30 | Create | Villager (Male) |
| 19:46 | Build | Fish Trap |
| 19:46 | Build | Farm |
| 19:46 | Build | Farm |
| 19:46 | Build | Farm |
| 19:46 | Build | Farm |
| 19:46 | Build | Farm |
| 19:46 | Build | Farm |
| 19:46 | Build | Farm |
| 19:46 | Build | Farm |
| 19:46 | Build | Farm |
| 19:46 | Build | Farm |
| 19:46 | Build | Farm |
| 19:46 | Build | Farm |
| 19:46 | Build | Farm |
| 19:58 | Build | Farm |
| 19:58 | Build | Farm |
| 19:58 | Build | Farm |
| 19:58 | Build | Farm |
| 19:58 | Build | Farm |
| 19:58 | Build | Farm |
| 19:58 | Build | Farm |
| 20:11 | Build | Farm |
| 20:11 | Build | Farm |
| 20:11 | Build | Farm |
| 20:11 | Build | Farm |
| 20:11 | Build | Farm |
| 20:11 | Build | Farm |
| 20:11 | Build | Farm |
| 20:42 | Research | Castle Age |
| 21:03 | Build | Farm |
| 21:03 | Build | Farm |
| 21:04 | Build | Farm |
| 21:04 | Build | Farm |
| 21:04 | Build | Farm |
| 21:04 | Build | Farm |
| 21:04 | Build | Farm |
| 21:04 | Build | Farm |
| 21:04 | Build | Farm |
| 21:04 | Build | Farm |
| 21:04 | Build | Farm |
| 21:04 | Build | Farm |
| 21:04 | Build | Farm |
| 21:04 | Build | Farm |
| 21:14 | Build | Farm |
| 21:14 | Build | Farm |
| 21:14 | Build | Farm |
| 21:14 | Build | Farm |
| 21:14 | Build | Farm |
| 21:14 | Build | Farm |
| 21:14 | Build | Farm |
| 21:15 | Build | Farm |
| 21:15 | Build | Farm |
| 21:15 | Build | Farm |
| 21:15 | Build | Farm |
| 21:15 | Build | Farm |
| 21:21 | Build | Watch Tower |
| 21:53 | Create | Spearman |
| 22:00 | Research | Bloodlines |
| 22:29 | Build | House |
| 22:59 | Build | House |
| 23:03 | Build | House |
| 23:42 | Build | Farm |
| 23:42 | Build | Farm |
| 23:42 | Build | Farm |
| 23:42 | Build | Farm |
| 23:42 | Build | Farm |
| 23:42 | Build | Farm |
| 23:42 | Build | Farm |
| 23:42 | Build | Farm |
| 23:42 | Build | Farm |
| 23:42 | Build | Farm |
| 23:42 | Build | Farm |
| 23:42 | Build | Farm |
| 23:42 | Build | Farm |
| 23:42 | Build | Farm |
| 23:43 | Build | Farm |
| 23:43 | Build | Farm |
| 23:43 | Build | Farm |
| 23:43 | Build | Farm |
| 23:43 | Build | Farm |
| 23:43 | Build | Farm |
| 23:50 | Build | Farm |
| 23:50 | Build | Farm |
| 23:50 | Build | Farm |
| 23:50 | Build | Farm |
| 23:50 | Build | Farm |
| 23:50 | Build | Farm |
Build order — kingArthur III
First 150 of 271 actions detected
| 0:32 | Build | Town Center |
| 2:17 | Build | House |
| 2:25 | Build | Dock |
| 2:35 | Create | Villager (Male) ×5 |
| 3:41 | Create | Fishing Ship |
| 4:33 | Create | Villager (Male) |
| 4:38 | Build | House |
| 4:45 | Research | Loom |
| 5:19 | Create | Fishing Ship |
| 5:30 | Create | Villager (Male) |
| 5:39 | Create | Villager (Male) |
| 6:03 | Create | Villager (Male) |
| 6:11 | Build | House |
| 6:22 | Create | Fishing Ship |
| 6:37 | Create | Villager (Male) |
| 7:18 | Build | Dock |
| 7:24 | Create | Villager (Male) |
| 7:56 | Build | Lumber Camp |
| 7:58 | Create | Villager (Male) |
| 8:11 | Build | House |
| 8:15 | Create | Villager (Male) |
| 8:30 | Create | Fishing Ship |
| 8:55 | Create | Fishing Ship |
| 9:00 | Create | Villager (Male) |
| 9:00 | Create | Villager (Male) |
| 11:10 | Create | Villager (Male) |
| 11:11 | Create | Villager (Male) |
| 11:35 | Create | Fishing Ship ×5 |
| 11:36 | Create | Fishing Ship ×5 |
| 12:05 | Research | Feudal Age |
| 12:27 | Build | House |
| 12:28 | Build | House |
| 12:32 | Build | House |
| 12:34 | Build | House |
| 13:08 | Build | Mill |
| 13:12 | Create | Villager (Male) |
| 13:47 | Build | Lumber Camp |
| 14:27 | Create | Villager (Male) |
| 14:32 | Build | Dock |
| 14:43 | Build | House |
| 14:45 | Build | House |
| 14:45 | Build | House |
| 14:47 | Build | House |
| 14:49 | Build | House |
| 14:53 | Create | Villager (Male) |
| 15:17 | Build | Mining Camp |
| 15:19 | Create | Villager (Male) |
| 15:19 | Create | Villager (Male) |
| 15:44 | Create | Villager (Male) |
| 15:59 | Create | Villager (Male) |
| 16:30 | Build | Market |
| 16:42 | Create | Villager (Male) |
| 16:48 | Create | Villager (Male) |
| 17:15 | Create | Villager (Male) |
| 17:26 | Build | Blacksmith |
| 17:40 | Create | Villager (Male) |
| 17:58 | Research | Castle Age |
| 18:14 | Build | Dock |
| 18:27 | Create | Demolition Raft |
| 18:27 | Create | Demolition Raft |
| 18:35 | Research | Gold Mining |
| 18:45 | Research | Double-Bit Axe |
| 18:49 | Create | Villager (Male) |
| 18:49 | Create | Villager (Male) |
| 19:12 | Build | Mining Camp |
| 19:17 | Create | Villager (Male) |
| 19:28 | Create | Demolition Raft ×2 |
| 19:29 | Create | Demolition Raft ×2 |
| 20:07 | Research | Stone Mining |
| 20:36 | Build | Town Center |
| 20:57 | Research | Tech 905 |
| 21:11 | Create | Villager (Male) |
| 21:11 | Create | Villager (Male) |
| 21:43 | Create | Fishing Ship ×2 |
| 21:43 | Create | Fishing Ship ×2 |
| 22:19 | Create | Villager (Male) |
| 22:20 | Create | Villager (Male) |
| 22:27 | Create | Villager (Male) |
| 22:28 | Create | Villager (Male) |
| 22:36 | Build | Mining Camp |
| 22:40 | Create | Villager (Male) |
| 22:44 | Build | House |
| 22:46 | Build | House |
| 22:48 | Build | House |
| 22:56 | Build | House |
| 23:10 | Create | Villager (Male) |
| 23:10 | Create | Villager (Male) |
| 23:30 | Build | Monastery |
| 23:35 | Create | Villager (Male) |
| 23:35 | Create | Villager (Male) |
| 24:09 | Create | Villager (Male) |
| 24:10 | Create | Villager (Male) |
| 24:11 | Create | Villager (Male) |
| 24:11 | Create | Villager (Male) |
| 24:20 | Build | University |
| 24:25 | Research | Gold Shaft Mining |
| 24:30 | Create | Villager (Male) |
| 24:30 | Create | Villager (Male) |
| 24:51 | Research | Imperial Age |
| 25:05 | Create | Villager (Male) |
| 25:06 | Create | Villager (Male) |
| 25:20 | Create | Villager (Male) |
| 25:32 | Build | Fish Trap |
| 25:34 | Build | Fish Trap |
| 25:36 | Build | Fish Trap |
| 25:37 | Build | Fish Trap |
| 25:38 | Build | Fish Trap |
| 25:50 | Build | Fish Trap |
| 25:51 | Build | Fish Trap |
| 26:06 | Build | Dock |
| 26:20 | Build | Fish Trap |
| 26:24 | Build | Fish Trap |
| 26:27 | Research | Wheelbarrow |
| 26:37 | Research | Horse Collar |
| 26:43 | Research | Town Watch |
| 26:58 | Create | Trade Cart |
| 27:03 | Create | Trade Cart |
| 27:15 | Create | Trade Cog ×2 |
| 27:19 | Create | Trade Cog |
| 27:20 | Create | Trade Cog |
| 27:36 | Create | Trade Cog |
| 27:37 | Create | Trade Cog |
| 27:39 | Create | Villager (Male) |
| 27:39 | Create | Villager (Male) |
| 27:46 | Build | Castle |
| 27:58 | Build | Barracks |
| 28:09 | Research | Caravan |
| 28:33 | Build | House |
| 28:34 | Build | House |
| 28:34 | Build | House |
| 28:37 | Build | House |
| 28:37 | Build | House |
| 28:37 | Build | House |
| 28:38 | Build | House |
| 28:40 | Build | House |
| 28:41 | Build | House |
| 28:41 | Build | House |
| 28:42 | Build | House |
| 28:42 | Build | House |
| 28:52 | Create | Villager (Male) |
| 28:56 | Create | Monk |
| 29:04 | Research | Conscription |
| 29:07 | Research | Stone Shaft Mining |
| 29:26 | Research | Tech 906 |
| 29:26 | Research | Tech 906 |
| 29:31 | Create | Fishing Ship ×5 |
| 29:31 | Create | Fishing Ship ×5 |
| 29:31 | Create | Fishing Ship ×5 |
| 30:01 | Research | Bow Saw |
| 30:14 | Build | Stable |
Build order — OhYeahGoodBoy
First 150 of 266 actions detected
| 0:05 | Build | Town Center |
| 0:17 | Build | House |
| 0:25 | Build | House |
| 0:50 | Build | House |
| 1:21 | Build | House |
| 2:41 | Create | Villager (Male) ×4 |
| 2:55 | Build | House |
| 4:34 | Create | Villager (Male) |
| 4:34 | Create | Villager (Male) |
| 4:34 | Create | Villager (Male) |
| 6:06 | Create | Villager (Male) |
| 6:06 | Create | Villager (Male) |
| 6:06 | Create | Villager (Male) |
| 6:39 | Create | Villager (Male) |
| 6:39 | Create | Villager (Male) |
| 6:40 | Create | Villager (Male) |
| 6:56 | Create | Villager (Male) |
| 6:56 | Create | Villager (Male) |
| 6:56 | Create | Villager (Male) |
| 7:20 | Create | Villager (Male) |
| 7:20 | Create | Villager (Male) |
| 8:07 | Create | Villager (Male) |
| 8:07 | Create | Villager (Male) |
| 8:08 | Create | Villager (Male) |
| 8:08 | Create | Villager (Male) |
| 8:22 | Build | Dock |
| 8:31 | Create | Villager (Male) |
| 8:32 | Create | Villager (Male) |
| 8:32 | Create | Villager (Male) |
| 9:06 | Create | Villager (Male) |
| 9:06 | Create | Villager (Male) |
| 9:07 | Create | Villager (Male) |
| 9:07 | Create | Villager (Male) |
| 9:13 | Create | Villager (Male) |
| 9:13 | Create | Villager (Male) |
| 9:13 | Create | Villager (Male) |
| 9:26 | Create | Fishing Ship |
| 9:26 | Create | Fishing Ship |
| 9:44 | Create | Villager (Male) |
| 9:45 | Create | Villager (Male) |
| 9:46 | Create | Fishing Ship |
| 10:25 | Create | Villager (Male) |
| 10:25 | Create | Villager (Male) |
| 10:26 | Create | Fishing Ship |
| 10:44 | Create | Villager (Male) |
| 10:44 | Create | Villager (Male) |
| 11:04 | Research | Loom |
| 11:08 | Create | Fishing Ship |
| 11:46 | Create | Fishing Ship |
| 12:27 | Build | Barracks |
| 12:32 | Build | Mining Camp |
| 12:58 | Build | Lumber Camp |
| 13:16 | Research | Feudal Age |
| 13:35 | Create | Militia |
| 13:35 | Create | Militia |
| 13:50 | Build | Dock |
| 13:53 | Create | Fishing Ship |
| 13:54 | Create | Villager (Male) |
| 13:54 | Create | Villager (Male) |
| 13:57 | Build | House |
| 13:58 | Build | House |
| 13:59 | Build | House |
| 14:29 | Build | Mining Camp |
| 14:58 | Create | Fishing Ship |
| 15:30 | Create | Fishing Ship ×2 |
| 15:42 | Create | Fishing Ship |
| 15:46 | Create | Villager (Male) |
| 15:46 | Create | Villager (Male) |
| 16:05 | Build | Mill |
| 16:15 | Create | Militia |
| 16:15 | Create | Militia |
| 16:45 | Create | Villager (Male) |
| 16:45 | Create | Villager (Male) |
| 16:45 | Create | Villager (Male) |
| 17:16 | Create | Villager (Male) |
| 17:24 | Build | Stable |
| 17:30 | Create | Fire Galley |
| 17:39 | Create | Fire Galley |
| 17:45 | Build | House |
| 17:46 | Build | House |
| 17:46 | Build | House |
| 17:46 | Build | House |
| 17:46 | Build | House |
| 17:46 | Build | House |
| 17:47 | Build | House |
| 17:47 | Build | House |
| 17:47 | Build | House |
| 17:52 | Build | House |
| 18:02 | Create | Villager (Male) |
| 18:03 | Create | Villager (Male) |
| 18:07 | Create | Scout Cavalry |
| 18:07 | Create | Scout Cavalry |
| 18:07 | Create | Scout Cavalry |
| 18:07 | Create | Scout Cavalry |
| 18:12 | Research | Tech 906 |
| 18:34 | Create | Fire Galley |
| 18:41 | Create | Villager (Male) |
| 18:41 | Create | Villager (Male) |
| 19:07 | Research | Double-Bit Axe |
| 19:23 | Create | Fire Galley |
| 19:28 | Create | Villager (Male) |
| 19:46 | Build | Market |
| 20:17 | Create | Villager (Male) |
| 20:17 | Create | Villager (Male) |
| 20:26 | Build | Blacksmith |
| 20:47 | Research | Castle Age |
| 21:32 | Build | Archery Range |
| 21:43 | Build | Stable |
| 21:47 | Build | Barracks |
| 21:51 | Build | Archery Range |
| 21:54 | Research | Gold Mining |
| 21:54 | Research | Stone Mining |
| 22:29 | Create | Villager (Male) |
| 22:29 | Create | Villager (Male) |
| 22:32 | Research | Forging |
| 22:32 | Research | Scale Mail Armor |
| 22:32 | Research | Fletching |
| 22:32 | Research | Padded Archer Armor |
| 23:14 | Build | Dock |
| 23:17 | Build | Dock |
| 23:31 | Research | Fletching |
| 23:31 | Research | Padded Archer Armor |
| 23:33 | Research | Scale Mail Armor |
| 23:45 | Create | Skirmisher |
| 23:45 | Create | Skirmisher |
| 23:59 | Create | Spearman |
| 24:00 | Create | Spearman |
| 24:06 | Create | Skirmisher |
| 24:06 | Create | Skirmisher |
| 24:13 | Create | Skirmisher |
| 24:28 | Create | Fishing Ship ×5 |
| 24:32 | Create | Fishing Ship |
| 24:41 | Build | Town Center |
| 24:50 | Research | Bow Saw |
| 25:11 | Build | House |
| 25:12 | Build | House |
| 25:12 | Build | House |
| 25:12 | Build | House |
| 25:12 | Build | House |
| 25:13 | Build | House |
| 25:13 | Build | House |
| 25:13 | Build | House |
| 25:13 | Build | House |
| 25:13 | Build | House |
| 25:14 | Build | House |
| 25:20 | Create | Villager (Male) |
| 25:31 | Create | Villager (Male) ×3 |
| 25:54 | Create | Camel Scout ×2 |
| 26:07 | Create | Fishing Ship ×5 |
| 26:35 | Create | Villager (Male) ×4 |
Build order — NasAndCats
First 150 of 281 actions detected
| 1:33 | Build | Town Center |
| 3:12 | Research | Loom |
| 3:14 | Create | Villager (Male) ×4 |
| 3:58 | Build | Mill |
| 4:12 | Build | House |
| 4:40 | Build | House |
| 5:04 | Create | Villager (Male) |
| 5:55 | Create | Villager (Male) |
| 6:34 | Create | Villager (Male) |
| 6:34 | Create | Villager (Male) |
| 6:46 | Build | Lumber Camp |
| 6:59 | Create | Villager (Male) |
| 8:23 | Create | Villager (Male) ×2 |
| 8:34 | Build | House |
| 9:06 | Create | Villager (Male) |
| 9:19 | Build | House |
| 10:09 | Create | Villager (Male) |
| 10:09 | Create | Villager (Male) |
| 10:10 | Create | Villager (Male) |
| 10:47 | Create | Villager (Male) |
| 11:01 | Build | Barracks |
| 11:25 | Create | Villager (Male) |
| 11:27 | Create | Villager (Male) |
| 12:05 | Create | Militia |
| 12:06 | Create | Militia |
| 12:40 | Create | Villager (Male) |
| 13:07 | Build | Mill |
| 13:51 | Research | Feudal Age |
| 13:58 | Build | House |
| 14:57 | Build | Mining Camp |
| 15:08 | Build | House |
| 16:04 | Research | Double-Bit Axe |
| 16:06 | Create | Villager (Male) ×5 |
| 17:37 | Create | Spearman |
| 17:38 | Create | Spearman |
| 17:49 | Build | Blacksmith |
| 18:44 | Create | Villager (Male) ×5 |
| 18:49 | Build | House |
| 19:05 | Build | Farm |
| 19:05 | Build | Farm |
| 19:05 | Build | Farm |
| 19:05 | Build | Farm |
| 19:05 | Build | Farm |
| 19:05 | Build | Farm |
| 19:05 | Build | Farm |
| 19:05 | Build | Farm |
| 19:05 | Build | Farm |
| 19:05 | Build | Farm |
| 19:05 | Build | Farm |
| 19:05 | Build | Farm |
| 19:09 | Build | Farm |
| 19:14 | Build | Archery Range |
| 19:18 | Build | Farm |
| 19:18 | Build | Farm |
| 19:18 | Build | Farm |
| 19:18 | Build | Farm |
| 19:18 | Build | Farm |
| 19:18 | Build | Farm |
| 19:18 | Build | Farm |
| 19:19 | Build | Farm |
| 19:19 | Build | Farm |
| 19:19 | Build | Farm |
| 19:19 | Build | Farm |
| 19:19 | Build | Farm |
| 19:34 | Build | Farm |
| 19:43 | Build | Farm |
| 19:43 | Build | Farm |
| 19:43 | Build | Farm |
| 19:43 | Build | Farm |
| 19:43 | Build | Farm |
| 19:43 | Build | Farm |
| 19:43 | Build | Farm |
| 19:43 | Build | Farm |
| 19:43 | Build | Farm |
| 19:43 | Build | Farm |
| 19:43 | Build | Farm |
| 19:47 | Build | Farm |
| 19:47 | Build | Farm |
| 19:47 | Build | Farm |
| 19:47 | Build | Farm |
| 19:47 | Build | Farm |
| 19:47 | Build | Farm |
| 19:47 | Build | Farm |
| 19:47 | Build | Farm |
| 19:55 | Create | Militia |
| 20:31 | Build | House |
| 20:51 | Create | Villager (Male) ×5 |
| 21:00 | Build | Archery Range |
| 21:24 | Build | Farm |
| 21:24 | Build | Farm |
| 21:24 | Build | Farm |
| 21:24 | Build | Farm |
| 21:24 | Build | Farm |
| 21:24 | Build | Farm |
| 21:24 | Build | Farm |
| 21:42 | Build | Farm |
| 21:42 | Build | Farm |
| 21:42 | Build | Farm |
| 21:42 | Build | Farm |
| 21:42 | Build | Farm |
| 21:42 | Build | Farm |
| 21:42 | Build | Farm |
| 22:01 | Research | Horse Collar |
| 22:16 | Create | Villager (Male) |
| 22:17 | Build | Farm |
| 22:17 | Build | Farm |
| 22:17 | Build | Farm |
| 22:17 | Build | Farm |
| 22:17 | Build | Farm |
| 22:17 | Build | Farm |
| 22:17 | Build | Farm |
| 22:17 | Build | Farm |
| 22:45 | Research | Castle Age |
| 22:52 | Create | Spearman |
| 22:57 | Build | Farm |
| 22:57 | Build | Farm |
| 22:57 | Build | Farm |
| 22:57 | Build | Farm |
| 22:57 | Build | Farm |
| 23:18 | Build | Mining Camp |
| 23:32 | Build | Outpost |
| 23:37 | Build | Outpost |
| 23:43 | Build | Outpost |
| 24:36 | Build | Farm |
| 24:36 | Build | Farm |
| 24:37 | Build | Farm |
| 24:37 | Build | Farm |
| 25:10 | Build | Market |
| 25:19 | Create | Villager (Male) ×5 |
| 25:24 | Research | Man-at-Arms (upgrade) |
| 25:31 | Create | Archer |
| 25:33 | Create | Archer |
| 25:50 | Build | Farm |
| 25:50 | Build | Farm |
| 25:50 | Build | Farm |
| 25:50 | Build | Farm |
| 25:50 | Build | Farm |
| 25:50 | Build | Farm |
| 25:50 | Build | Farm |
| 25:50 | Build | Farm |
| 25:50 | Build | Farm |
| 25:50 | Build | Farm |
| 25:50 | Build | Farm |
| 25:50 | Build | Farm |
| 25:50 | Build | Farm |
| 25:50 | Build | Farm |
| 25:53 | Research | Pikeman (upgrade) |
| 26:02 | Build | Farm |
| 26:02 | Build | Farm |
| 26:02 | Build | Farm |
Match timeline
| 2:25 | kingArthur III · first_building Dock |
| 4:52 | airborne64 · first_building Dock |
| 8:22 | OhYeahGoodBoy · first_building Dock |
| 11:01 | NasAndCats · first_building Barracks |
| 12:27 | OhYeahGoodBoy · first_building Barracks |
| 14:46 | airborne64 · first_building Barracks |
| 17:24 | OhYeahGoodBoy · first_building Stable |
| 18:53 | airborne64 · wall_segment Palisade Wall x5 |
| 19:07 | airborne64 · first_building Stable |
| 19:14 | NasAndCats · first_building Archery Range |
| 21:32 | OhYeahGoodBoy · first_building Archery Range |
| 21:38 | OhYeahGoodBoy · first_market_sell 500 food |
| 21:38 | OhYeahGoodBoy · first_market_buy 500 wood |
| 23:30 | kingArthur III · first_building Monastery |
| 27:46 | kingArthur III · first_building Castle |
| 27:58 | kingArthur III · first_building Barracks |
| 30:14 | kingArthur III · first_building Stable |
| 31:19 | OhYeahGoodBoy · first_building Castle |
| 31:44 | NasAndCats · first_building Castle |
| 33:16 | airborne64 · first_building Krepost |
| 34:28 | kingArthur III · first_building Archery Range |
| 34:51 | kingArthur III · first_market_buy 100 food |
| 35:13 | airborne64 · first_market_buy 100 stone |
| 36:53 | OhYeahGoodBoy · first_building Siege Workshop |
| 37:05 | airborne64 · first_market_sell 100 food |
| 37:21 | NasAndCats · first_building Monastery |
| 39:19 | airborne64 · first_building Siege Workshop |
| 43:41 | airborne64 · resign |
[ AI ANALYSIS · 1 CREDIT ]
What really happened in this match?
Wolo.gg analyzes every decision: build order, eco, micro, common mistakes by bracket. Personalized analysis on WhatsApp or Discord in 30 seconds.
Civ guide
Bulgarians
Perfil
Jugador #13325436